 Dungeon Crawl Stone Soup version 0.27.1-34-g3ba077fa99 (webtiles) character file.

Game seed: 14350562689451839896

39 Ijustatesigmund the Skirmisher (level 3, -2/24 HPs)
             Began as a Gargoyle Fighter on Jan 31, 2022.
             Slain by Terence (8 damage)
             ... on level 2 of the Dungeon.
             The game lasted 00:01:17 (618 turns).

Ijustatesigmund the Skirmisher (Gargoyle Fighter)    Turns: 618, Time: 00:01:17

Health: -2/24      AC: 10    Str: 20    XL:     3   Next: 47%
Magic:  3/3        EV:  7    Int:  8    God:
Gold:   20         SH:  9    Dex:  9    Spells: 2/2 levels left

rFire    . . .     SeeInvis .   a - +0 flail
rCold    . . .     Faith    .   c - +0 kite shield
rNeg     + . .     Spirit   .   b - +0 scale mail
rPois    ∞         Reflect  .   (no helmet)
rElec    +         Harm     .   (no cloak)
rCorr    .         Rampage  .   (no gloves)
Will     .....                  (no boots)
Stlth    ..........             (no amulet)
HPRegen  0.08/turn              (no ring)
MPRegen  0.08/turn              (no ring)

@: no status effects
A: sickness immunity, AC +3, negative energy resistance 1, electricity
resistance, torment resistance 1, petrification resistance
a: no special abilities


You were on level 2 of the Dungeon.
You visited 1 branch of the dungeon, and saw 2 of its levels.

You collected 20 gold pieces.

Inventory:

Hand Weapons
 a - a +0 flail (weapon)
Armour
 b - a +0 scale mail (worn)
 c - a +0 kite shield (worn)
Scrolls
 e - a scroll of noise {unknown}
Potions
 d - a potion of attraction {unknown}


   Skills:
 + Level 3.9 Fighting
 * Level 3.2 Maces & Flails
 - Level 3.2 Armour
 - Level 3.2 Shields


You had 2 spell levels left.
You didn't know any spells.
Your spell library contained the following spells:

 Spells                   Type           Power      Damage    Failure   Level
 Beastly Appendage        Tmut           0%         N/A       99%         1
 Slow                     Hex            0%         N/A       100%        2
 Wereblood                Tmut           0%         N/A       100%        2
 Confusing Touch          Hex            0%         N/A       100%        3
 Spider Form              Tmut/Pois      0%         N/A       100%        3
 Vampiric Draining        Necr           0%         2d6       100%        3


Dungeon Overview and Level Annotations

Branches:
Dungeon (2/15)

Altars:

Shops:
D:2 [

Annotations:
D:2 Terence


Innate Abilities, Weirdness & Mutations

You are immune to sickness and miasma.
Your stone body is resilient. (AC +3)
You are immune to poison.
You resist negative energy. (rN+)
You are resistant to electric shocks. (rElec)
You are resistant to unholy torment.
You are immune to petrification.


Message History

You are too injured to fight recklessly!
You are too injured to fight recklessly!
You are too injured to fight recklessly!
You are too injured to fight recklessly!
You are too injured to fight recklessly!
You are too injured to fight recklessly!
You are too injured to fight recklessly!
You are too injured to fight recklessly!
You are too injured to fight recklessly!
You hit Terence but do no damage.
Terence is heavily wounded.
You block Terence's attack.
You hit Terence.
Terence is severely wounded.
Terence barely misses you. You block Terence's attack.
Your shield prevents you from hitting Terence.
Terence is severely wounded.
You block Terence's attack.
You thump Terence!
Terence is almost dead.
You block Terence's attack. x2
You hit Terence but do no damage.
Terence is almost dead.
You block Terence's attack.
You closely miss Terence.
Terence is almost dead.
You block Terence's attack. Terence shouts, "Now you die!"
Terence hits you with a +0 trident.
You closely miss Terence.
Terence is almost dead.
Terence hits you with a +0 trident.
* * * LOW HITPOINT WARNING * * *
You hit Terence but do no damage.
Terence is almost dead.
Terence closely misses you.
You barely miss Terence.
Terence is almost dead.
You block Terence's attack. Terence hits you with a +0 trident!
You die...

..... ..... ....#
#.... ######## #.#.. .
#......# #.#..######.#
#......# #.....@@....#
#......# #.....####..#
#......#.#.#.........#
#........# #........##
##.#######.#....†####
#.# #......#..<#
#.###########..##<###
#...........#...†...#
#...........#.>######


You could see Terence.

Vanquished Creatures
  A hound (D:2)
  A dart slug (D:2)
  An endoplasm (D:2)
  A giant cockroach (D:1)
  A kobold (D:1)
  2 ball pythons
  A bat (D:1)
  A frilled lizard (D:2)
9 creatures vanquished.

Notes
Turn   | Place    | Note
-------+----------+-------------------------------------------
     0 | D:1      | Ijustatesigmund the Gargoyle Fighter began the quest for
                  | the Orb.
     0 | D:1      | Reached XP level 1. HP: 14/14 MP: 1/1
   284 | D:1      | You fall into a shaft and drop 1 floor!
   338 | D:2      | Noticed a hound
   348 | D:2      | Killed a hound
   349 | D:2      | Reached XP level 2. HP: 6/20 MP: 2/2
   349 | D:2      | Reached XP level 3. HP: 7/24 MP: 3/3
   558 | D:2      | Found Lest's Armour Shoppe.
   602 | D:2      | Noticed Terence
   618 | D:2      | Slain by Terence

Illustrated notes

Levels and vault maps discovered:
D:1:      lightli_arrival_maybe_door_vault, layout_basic
D:2:      layout_basic, serial_shops, shop_coins,
          nicolae_shop_competitors_out_of_business,
          nicolae_shop_temple_entry_statues_fountains, shop,
          nicolae_shop_crystal, uniq_terence, uniq_natasha

Skill      XL: |  1 |
---------------+----+-----
Maces & Flails | 3 |  3.2
Fighting       | |  3.9
Armour         | |  3.2
Shields        | |  3.2

Action                   || total
-------------------------++-------
Melee: Flail             ||    44
  Use: Potion            ||     1
Armor: Scale mail        ||    17
Dodge: Dodged            ||    13
Block: Kite shield       ||    32
